Construct Section Command Post
Construct Field Infirmary
Construct Platoon Command Post
6-pounder Anti-tank Gun Team
Selects Indian Artillery Battlegroup
Selects Gurkha Rifles Section
Construct Company Command Post
Selects Volunteer Infantry
Selects Artillery Saturation
Unlock M3 Grant Medium Tanks
Selects Off-map Airburst Barrage
Selects BL5.5 Artillery Emplacement
Unlock Towed 17-pounder Anti-tank Guns
17-pounder Anti-tank Gun Team
17-pounder Anti-tank Gun Team